Map: 2000 Atmospheres LE

Players

Semper - Winner!

  • Race: Terran Terran

Epic

  • Race: Terran Terran

Event: DreamHack SC2 Masters 2021 Fall

VOD

Have the link to the VOD?

Description

Time

  • Played on: Aug. 3, 2021, 3:47 p.m.
  • Length: 15:59

All games in this series

Show
View Real Time Build Order
Export as new Build Order

Semper Terran - Winner!

Build Orders:  

Get SALT Encoding   

  12  0:00  SCV  
  13  0:12  SCV  
  14  0:17  Supply Depot  
  14  0:24  SCV  
  15  0:39  SCV  
  15  0:40  Barracks  
  16  0:44  Refinery  
  16  0:51  SCV  
  16  0:52  Refinery  
  17  1:03  SCV  
  18  1:15  SCV  
  19  1:26  Barracks Reactor  
  19  1:27  Orbital Command  
  19  1:35  Supply Depot  
  19  1:41  Factory  
  19  1:52  SCV  
  20  2:02  Reaper x2  
  20  2:04  SCV  
  23  2:17  SCV  
  24  2:25  Hellion  
  24  2:27  Supply Depot  
  26  2:34  Reaper x2  
  28  2:41  Command Center  
  28  2:43  SCV  
  29  2:48  Hellion  
  31  2:56  SCV  
  32  3:08  SCV  
  32  3:10  Starport  
  32  3:11  Factory Tech Lab  
  33  3:13  Marine x2  
  35  3:20  SCV  
  35  3:26  Supply Depot  
  36  3:32  SCV  
  33  3:43  Siege Tank  
  33  3:44  Marine x2  
  33  3:48  Medivac  
  35  3:50  SCV  
  38  3:56  Orbital Command  
  38  4:02  Marine x2, SCV  
  39  4:14  SCV  
  39  4:15  Refinery  
  40  4:20  Marine  
  40  4:21  Marine, Factory Tech Lab  
  42  4:26  SCV x2  
  42  4:27  Raven  
  46  4:38  Marine x2, SCV x2  
  49  4:45  Siege Tank  
  49  4:49  Supply Depot  
  49  4:50  SCV  
  53  4:58  SCV  
  54  5:03  Command Center  
  53  5:08  Marine  
  53  5:09  Marine, SCV  
  56  5:16  SCV  
  56  5:17  Supply Depot  
  56  5:18  Raven  
  59  5:22  SCV  
  59  5:25  Siege Tank  
  59  5:26  Marine x2  
  65  5:35  SCV  
  65  5:36  SCV  
  65  5:41  Supply Depot  
  67  5:48  SCV x2  
  69  5:52  Barracks  
  69  5:53  Barracks  
  69  5:54  Supply Depot  
  69  6:00  SCV  
  70  6:07  SCV, Siege Tank  
  74  6:11  Supply Depot  
  74  6:12  Marine, SCV, Stimpack, Starport Reactor  
  76  6:20  SCV  
  76  6:21  Orbital Command  
  77  6:26  SCV, Engineering Bay  
  77  6:27  Engineering Bay  
  77  6:30  Marine  
  77  6:31  Refinery  
  79  6:40  Marine x2  
  79  6:42  SCV  
  79  6:43  SCV  
  79  6:47  Supply Depot, Siege Tank  
  86  6:50  SCV  
  87  6:55  Marine  
  87  6:56  Terran Infantry Armor Level 1, Terran Infantry Weapons Level 1  
  87  6:58  Starport Reactor  
  87  7:01  Missile Turret  
  87  7:07  SCV  
  87  7:12  Marine  
  87  7:13  Marine x3  
  91  7:16  SCV x2  
  91  7:19  Siege Tank  
  91  7:22  Supply Depot, Missile Turret  
  96  7:23  Supply Depot  
  96  7:24  SCV  
  96  7:27  Marine  
  98  7:30  Marine  
  98  7:35  Marine x2  
  101  7:37  SCV  
  101  7:47  Marine x2  
  101  7:50  SCV  
  100  7:51  Siege Tank  
  100  7:52  SCV, Combat Shield  
  100  7:53  Orbital Command  
  100  7:57  Marine x3  
  100  7:58  Medivac x2  
  108  8:02  SCV  
  108  8:05  Marine x2  
  111  8:06  Missile Turret  
  111  8:07  Missile Turret  
  111  8:10  SCV  
  107  8:21  SCV  
  107  8:23  SCV  
  100  8:27  Marine  
  100  8:28  Marine x2  
  100  8:33  Medivac x2  
  107  8:36  Barracks  
  107  8:37  Armory  
  107  8:38  SCV x2, Barracks  
  109  8:44  SCV  
  110  8:50  Sensor Tower, SCV x2  
  112  8:56  SCV  
  112  8:58  Sensor Tower  
  112  9:01  Marine x4  
  118  9:02  SCV  
  118  9:04  SCV  
  118  9:08  Siege Tank  
  122  9:11  SCV  
  124  9:19  Marine x2  
  124  9:23  Factory  
  125  9:25  Barracks Reactor  
  125  9:30  Command Center  
  125  9:32  Missile Turret  
  125  9:33  Refinery  
  125  9:34  Refinery  
  125  9:40  Siege Tank  
  125  9:42  Marine x5  
  125  9:43  Barracks Reactor  
  125  9:44  SCV  
  134  9:59  Medivac x2  
  138  10:00  Marine x3  
  138  10:06  Marine  
  138  10:07  Marine  
  141  10:12  Terran Infantry Armor Level 2, Terran Infantry Weapons Level 2  
  141  10:13  Supply Depot x2, Terran Vehicle Weapons Level 1  
  141  10:14  Supply Depot  
  141  10:16  Marine  
  141  10:17  Marine  
  141  10:18  Marine x3  
  141  10:19  Siege Tank  
  149  10:24  Marine x2  
  149  10:31  Supply Depot  
  149  10:34  Marine x2, Siege Tank  
  154  10:43  Marine x3  
  157  10:51  Siege Tank  
  157  10:53  Marine x3  
  150  11:05  Marine  
  150  11:06  Marine x4  
  150  11:08  Siege Tank  
  150  11:11  Marine  
  159  11:16  Marine x2  
  153  11:19  Barracks Reactor, Planetary Fortress  
  153  11:22  SCV  
  153  11:23  Marine x3, Siege Tank  
  159  11:25  Marine  
  159  11:26  Marine  
  159  11:29  Marine  
  159  11:32  Missile Turret x2  
  162  11:34  Marine x2  
  162  11:36  SCV  
  165  11:40  Siege Tank  
  165  11:41  Marine x3  
  165  11:43  Marine x2  
  165  11:46  SCV x2, Sensor Tower  
  165  11:47  Marine, Missile Turret  
  175  11:51  Marine  
  175  11:52  Marine  
  178  11:55  Barracks x2  
  178  11:56  Barracks  
  178  12:00  Marine  
  179  12:03  Refinery x2  
  179  12:15  Marine  
  177  12:18  Marine, Siege Tank  
  177  12:20  SCV x2  
  162  12:24  SCV x2  
  162  12:28  Marine x2  
  147  12:31  Marine x5  
  147  12:32  Marine, SCV  
  147  12:33  Marine, SCV  
  147  12:35  Liberator  
  147  12:36  Marine, SCV x2  
  159  12:46  Marine  
  157  12:52  Terran Infantry Armor Level 3, Terran Infantry Weapons Level 3  
  157  12:58  Marine x2, Siege Tank  
  158  13:00  Medivac  
  158  13:02  Marine  
  158  13:04  Marine x4  
  167  13:10  SCV  
  164  13:13  Sensor Tower  
  164  13:18  Medivac  
  166  13:20  Marine x2, Siege Tank  
  171  13:27  SCV  
  171  13:30  Medivac  
  174  13:34  Command Center  
  171  13:43  Siege Tank  
  171  13:47  Marine  
  175  13:48  Viking  
  175  13:51  Barracks Reactor x3  
  175  13:52  SCV x2  
  175  13:53  SCV  
  180  14:00  Viking  
  175  14:05  Marine  
  156  14:13  Marine x9  
  165  14:23  Marine  
  166  14:31  Marine x11  
  167  14:34  Marine x2, Siege Tank, Starport  
  167  14:36  Starport  
  179  14:41  Marine  
  180  14:58  Marine  
  162  15:00  Siege Tank  
  162  15:04  Marine  
  162  15:05  Marine x14  
  177  15:13  Medivac  
  179  15:16  Marine  
  179  15:18  Starport Reactor  
  179  15:19  Starport Reactor  
  180  15:23  Fusion Core  
  180  15:24  Siege Tank  
  180  15:25  Marine  
  180  15:26  Marine x3  
Show
View Real Time Build Order
Export as new Build Order

Epic Terran 

Build Orders: Cyclone Opening 

Get SALT Encoding   

  12  0:00  SCV  
  13  0:12  SCV  
  14  0:17  Supply Depot  
  14  0:24  SCV  
  15  0:38  SCV  
  15  0:40  Barracks  
  16  0:43  Refinery  
  16  0:50  SCV  
  16  0:52  Refinery  
  17  1:02  SCV  
  18  1:14  SCV  
  19  1:26  Orbital Command  
  19  1:27  Reaper  
  19  1:28  Supply Depot  
  20  1:42  Factory  
  20  1:52  SCV  
  21  1:59  Reaper  
  22  2:04  SCV  
  23  2:17  Command Center  
  23  2:21  SCV  
  24  2:28  Factory Tech Lab  
  24  2:33  Barracks Reactor  
  24  2:34  SCV  
  25  2:37  Supply Depot  
  25  2:46  SCV, Cyclone  
  29  2:58  SCV  
  30  3:03  Starport  
  30  3:08  Marine  
  30  3:09  Marine  
  30  3:10  SCV  
  33  3:21  Refinery  
  33  3:22  SCV  
  33  3:26  Marine x2  
  33  3:27  Factory Tech Lab  
  36  3:29  Orbital Command  
  36  3:34  SCV  
  34  3:45  Marine x2  
  34  3:47  Orbital Command  
  33  3:49  SCV  
  33  3:53  Raven  
  36  4:01  SCV  
  37  4:03  Marine x2  
  37  4:06  Siege Tank  
  37  4:09  Supply Depot  
  42  4:13  SCV  
  42  4:15  SCV  
  44  4:24  Engineering Bay  
  44  4:26  SCV  
  44  4:27  SCV  
  46  4:40  Siege Tank  
  46  4:41  SCV x2  
  50  4:46  Marine, Stimpack  
  50  4:47  Barracks  
  50  4:49  Barracks  
  51  4:53  SCV x2  
  51  4:56  Viking  
  52  5:05  Marine, SCV x2  
  50  5:17  SCV x2  
  50  5:21  Terran Infantry Weapons Level 1  
  52  5:23  Supply Depot  
  52  5:25  Marine  
  52  5:28  Starport Reactor  
  53  5:31  SCV x2  
  53  5:35  Marine x2  
  57  5:43  Marine  
  57  5:44  Barracks Reactor  
  57  5:45  SCV x2  
  57  5:48  Supply Depot x2  
  60  5:53  Siege Tank  
  60  5:56  Marine x2  
  65  5:57  SCV x2  
  65  6:01  Marine, Refinery  
  68  6:09  SCV x2  
  70  6:12  Medivac  
  70  6:13  Marine x2  
  70  6:16  Supply Depot  
  74  6:18  Marine  
  74  6:19  Medivac  
  74  6:23  Marine  
  74  6:24  Marine  
  79  6:26  Command Center  
  79  6:31  SCV x2  
  81  6:33  Supply Depot, Siege Tank  
  81  6:34  Marine  
  81  6:35  Marine  
  81  6:37  Marine  
  87  6:41  Marine x2  
  87  6:42  Supply Depot  
  87  6:46  SCV x2  
  91  6:49  Medivac  
  91  6:53  Supply Depot  
  93  6:54  Medivac  
  93  7:00  Marine x5  
  99  7:02  Combat Shield  
  99  7:05  SCV x2  
  100  7:13  Siege Tank  
  103  7:20  SCV x2  
  103  7:21  Terran Infantry Armor Level 1  
  103  7:22  Barracks  
  105  7:24  Marine x3, Barracks  
  105  7:25  Marine  
  105  7:27  Marine  
  110  7:30  Medivac  
  110  7:36  SCV  
  110  7:37  SCV  
  114  7:39  Medivac  
  98  7:51  Marine x4  
  98  7:52  Marine  
  98  7:53  SCV x2  
  98  7:55  Siege Tank  
  108  8:12  SCV x2  
  110  8:19  Marine x2  
  106  8:20  Marine x2  
  106  8:21  Barracks Reactor x2  
  106  8:22  Medivac x2  
  102  8:29  SCV x2, Orbital Command  
  102  8:33  Siege Tank  
  99  8:37  Marine x4  
  103  8:41  Refinery x2  
  103  8:42  SCV  
  103  8:43  SCV  
  105  8:55  Missile Turret  
  105  8:56  Marine x5, Armory, Missile Turret  
  105  8:57  Marine x3, Engineering Bay  
  105  8:58  Marine  
  114  9:03  Medivac  
  114  9:05  Siege Tank  
  114  9:09  Medivac  
  121  9:14  Marine x5  
  121  9:15  Marine x3  
  121  9:16  Marine  
  130  9:19  Supply Depot  
  130  9:20  Supply Depot  
  130  9:31  Marine, Command Center  
  130  9:32  Marine x2  
  130  9:35  Supply Depot  
  130  9:36  Supply Depot  
  133  9:39  Marine x3  
  133  9:40  Marine x3  
  139  9:48  Terran Infantry Weapons Level 2  
  139  9:49  Marine  
  139  9:52  Siege Tank  
  142  9:58  Factory  
  142  10:02  Terran Vehicle Weapons Level 1  
  142  10:08  Marine x8  
  142  10:10  Medivac  
  142  10:12  Medivac  
  154  10:17  SCV x2  
  154  10:18  SCV  
  157  10:23  Sensor Tower  
  157  10:25  Siege Tank  
  160  10:32  Marine x5  
  160  10:33  Marine x3  
  160  10:34  Marine  
  164  10:43  SCV x3  
  164  10:46  Planetary Fortress  
  164  10:49  Engineering Bay  
  167  10:50  Engineering Bay  
  167  10:55  Marine x5  
  148  11:06  Factory Tech Lab  
  137  11:16  SCV x2  
  121  11:20  Marine x9  
  128  11:26  Siege Tank x2  
  128  11:31  SCV x4  
  138  11:35  Medivac  
  138  11:36  Medivac  
  142  11:44  SCV x3  
  145  11:49  Terran Infantry Armor Level 2  
  145  11:51  Marine x2  
  145  11:52  Marine x6  
  153  11:56  SCV x3  
  153  11:57  SCV  
  153  11:59  Terran Vehicle Weapons Level 2  
  157  12:04  Siege Tank  
  160  12:09  Siege Tank  
  161  12:21  Medivac x2  
  120  12:26  Marine x4  
  120  12:27  Marine x2  
  120  12:29  Marine x3  
  121  12:36  Siege Tank  
  124  12:41  Siege Tank  
  127  12:44  Marine x6  
  127  12:47  Marine x3  
  127  12:51  Liberator  
  139  12:55  Liberator  
  139  13:02  Marine x6  
  139  13:04  Marine x2  
  139  13:05  Marine  
  143  13:14  Terran Infantry Weapons Level 3  
  135  13:20  Marine x6  
  141  13:28  Siege Tank x2  
  141  13:30  Marine x2  
  141  13:31  Marine  
  141  13:33  Command Center  
  150  13:37  Marine  
  150  13:38  Marine x2  
  153  13:49  Marine  
  153  13:50  Marine, Orbital Command  
  155  13:55  Command Center  
  129  14:04  Marine x6  
  113  14:10  Siege Tank  
  113  14:11  Siege Tank  
  113  14:14  Medivac x2  
  122  14:19  SCV  
  122  14:20  SCV x3  
  125  14:32  SCV  
  125  14:33  Marine x7  
  132  14:42  Marine x2  
  134  14:47  Orbital Command  
  134  14:51  Marine x4, Siege Tank  
  141  14:55  Siege Tank  
  115  15:05  Marine x5  
  104  15:09  Marine x3  
  104  15:12  Medivac  
  109  15:17  Medivac  
  109  15:19  Marine  
  112  15:23  Marine x4  
  112  15:25  Marine  
  112  15:27  Marine x3  
  122  15:37  Marine  
  122  15:41  Marine x3  

Tags
 
Add a new tag
Caveats
  • Supply blocks, unpowered buildings, or Contaminate may cause inaccurate times.
  • Supply counts are checked every 10 seconds.